AoeStats
← tony le gros rou

African Clearing

506522405Analyzed
4v4 RM · 17d ago on Sep 13, 2026· 33m 43s· 8 players
Game mode
Random Map
Map size
Large (8 player)
Population
200
Speed
Normal
Resources
Standard
Victory
Conquest
Starting age
Dark Age
Ending age
Imperial Age
RankedLock teamsTeams togetherTeam positionsShared explorationLock speedFull tech treeHidden civsTurbo modeCheats
Victory
Defeat
🇫🇷 Jurchens · France
1548
+12
🇫🇷 Mongols · France
1432
+17
🇫🇷 Maya · France
1415
+17
🇫🇷 Vietnamese · France
1327
+20
🇩🇪 Japanese · Germany
1463
-17
🇲🇽 Chinese · Mexico
1460
-18
🇨🇴 Spanish · Colombia
1460
-17
🇧🇷 Burmese · Brazil
1390
-14
tony le gros rou
4:24 Loom
12:57 Feudal Age
18:06 Castle Age
19:46 Fletching
19:58 Padded Archer Armor
24:49 Bodkin Arrow
28:36 Husbandry
Superbrasseur
3:15 Loom
12:42 Feudal Age
13:18 Double-Bit Axe
15:49 Wheelbarrow
20:45 Castle Age
19:22 Scale Mail Armor
19:15 Gold Mining
21:42 Bow Saw
21:27 Stone Mining
25:13 Horse Collar
28:58 Fletching
29:18 Heavy Plow
30:05 Ballistics
29:38 Town Watch
30:46 Bodkin Arrow
31:52 Treadmill Crane
33:25 Chain Mail Armor
32:32 Pikeman
33:13 Squires
33:45 Padded Archer Armor
ccereal
4:30 Loom
13:33 Feudal Age
17:33 Castle Age
16:01 Double-Bit Axe
17:02 Stone Mining
17:11 Fletching
17:54 Town Watch
21:11 Bodkin Arrow
21:44 Padded Archer Armor
22:55 Ballistics
28:37 Leather Archer Armor
33:27 Horse Collar
Frorok
4:29 Loom
13:05 Feudal Age
14:38 Double-Bit Axe
17:25 Castle Age
15:26 Gold Mining
16:46 Padded Archer Armor
26:43 Bow Saw
29:27 Fletching
Sebastianquijanog
14:15 Feudal Age
14:39 Loom
17:37 Castle Age
15:27 Double-Bit Axe
17:32 Horse Collar
28:57 Bow Saw
28:51 Heavy Plow
31:41 Bloodlines
31:40 Husbandry
The_ Rock
2:43 Loom
12:08 Feudal Age
17:27 Castle Age
15:37 Double-Bit Axe
19:33 Bow Saw
19:50 Fletching
20:01 Town Watch
21:56 Padded Archer Armor
25:26 Bodkin Arrow
Lambadaschnitte
3:36 Loom
12:40 Feudal Age
13:16 Double-Bit Axe
14:48 Man-at-Arms
15:14 Arson
16:37 Scale Mail Armor
16:57 Horse Collar
21:50 Castle Age
21:26 Forging
24:06 Fletching
24:35 Bow Saw
24:34 Padded Archer Armor
27:26 Gold Mining
29:17 Heavy Plow
30:46 Bodkin Arrow
Zero Lancer
11:26 Loom
13:46 Feudal Age
18:50 Castle Age
20:24 Wheelbarrow
27:55 Manipur Cavalry
28:37 Horse Collar
Connection lost

Rejoining the realm…

Still unreachable

The connection could not be restored.

Session expired

The server has moved on; the page needs a fresh start.